 Dungeon Crawl Stone Soup version 0.32-a0-132-g2d33c3cfaf (webtiles) character file.

Game seed: 599129563352229345

121 ragingrage the Sneak (level 4, -4/27 HPs)
             Began as a Deep Elf Delver on Feb 9, 2024.
             Slain by Natasha (7 damage)
             ... on level 2 of the Dungeon.
             The game lasted 00:04:01 (1945 turns).

ragingrage the Sneak (Deep Elf Delver)              Turns: 1945, Time: 00:04:02

Health: -4/27      AC:  5    Str:  9    XL:     4   Next: 77%
Magic:  6/6        EV: 12    Int: 15    God:
Gold:   5          SH:  5    Dex: 18    Spells: 0/3 levels left

rFire   . . .        a - +0 short sword
rCold   . . .        (no shield)
rNeg    + . .        b - +2 leather armour {rN+}
rPois   .            (no helmet)
rElec   .            (no cloak)
rCorr   .            (no gloves)
SInv    .            (no boots)
Will    .....        o - amulet of reflection
Stlth   +++          (no ring)
HPRegen 0.24/turn    (no ring)
MPRegen 0.10/turn

%: reflection
@: no status effects
A: no striking features
a: no special abilities


You were on level 2 of the Dungeon.
You visited 1 branch of the dungeon, and saw 7 of its levels.

You collected 60 gold pieces.
You spent 55 gold pieces at shops.

Inventory:

Hand Weapons
 a - a +0 short sword (weapon)
Missiles
 e - 6 poisoned darts (quivered)
Armour
 b - a +2 leather armour of positive energy (worn)
 j - a +2 robe of fire resistance
Magical Staves
 f - a staff of death
Jewellery
 o - an amulet of reflection (around neck)
Wands
 g - a wand of digging (3)
Scrolls
 c - 2 scrolls of fog
 h - 3 scrolls of enchant armour
 i - a scroll of teleportation
 k - a scroll of blinking {unknown}
Potions
 d - 2 potions of attraction
 l - a potion of enlightenment
 m - a potion of haste
 n - a potion of brilliance


   Skills:
 - Level 2.7 Fighting
 + Level 3.6 Short Blades
 - Level 3.0 Dodging
 - Level 6.3 Stealth
 + Level 1.6 Conjurations
 + Level 1.2 Translocations


You couldn't memorise any spells.
You knew the following spells:

 Your Spells              Type           Power      Damage    Failure   Level
a - Magic Dart            Conj           16%        1d3       21%         1
b - Blink                 Tloc           6%         N/A       34%         2

Your spell library contained the following spells:

 Spells                   Type           Power      Damage    Failure   Level
 Call Imp                 Summ           0%         N/A       50%         2


Dungeon Overview and Level Annotations

Branches:
Dungeon (7/15)
 Temple: D:4-7

Altars:

Shops:
D:1 *

Annotations:
D:2 Natasha
D:4 2 runed translucent doors, Dowan; Duvessa; cforsyth's ghost, amateur DjHs
D:5 exclusion: upstairs
D:6 exclusion: orc wizard
D:7 exclusions: ogre and orc


Message History

Throw: 12 darts (poison)
Press: ? - help, Q - select action, (/) - cycle Shift-Dir - straight line, f - Natasha
Aim: Natasha (moderately wounded, 51% to hit)
You throw a poisoned dart.
The poisoned dart closely misses Natasha.
The poisoned dart barely misses the bat.
Natasha claws you but does no damage.
Throw: 11 darts (poison)
Press: ? - help, Q - select action, (/) - cycle Shift-Dir - straight line, f/p - Natasha
Aim: Natasha (moderately wounded, 51% to hit)
You throw a poisoned dart.
The poisoned dart closely misses Natasha.
The poisoned dart barely misses the bat.
Natasha closely misses you.
Throw: 10 darts (poison)
Press: ? - help, Q - select action, (/) - cycle Shift-Dir - straight line, f/p - Natasha
Aim: Natasha (moderately wounded, 51% to hit)
You throw a poisoned dart. The poisoned dart hits Natasha.
Natasha is poisoned.
Natasha casts a spell.
Throw: 9 darts (poison)
Press: ? - help, Q - select action, (/) - cycle Shift-Dir - straight line, f/p - Natasha
Aim: Natasha (moderately wounded, poisoned, 51% to hit)
You throw a poisoned dart. The poisoned dart hits Natasha.
Natasha looks even sicker.
Natasha closely misses you.
Throw: 8 darts (poison)
Press: ? - help, Q - select action, (/) - cycle Shift-Dir - straight line, f/p - Natasha
Aim: Natasha (moderately wounded, very poisoned, 51% to hit)
You throw a poisoned dart. The poisoned dart hits Natasha.
Natasha claws you.
* * * LOW HITPOINT WARNING * * *
Throw: 7 darts (poison)
Press: ? - help, Q - select action, (/) - cycle Shift-Dir - straight line, f/p - Natasha
Aim: Natasha (moderately wounded, very poisoned, 51% to hit)
You throw a poisoned dart. The poisoned dart hits Natasha.
Natasha claws you.
* * * LOW HITPOINT WARNING * * *
You barely miss Natasha. Natasha claws you!
You die...
Natasha curls up and begins to purr.

.#.# #.....h .# ##.# ## .(.
.. #'## ##.# #.# #... .#...##
.#.# #.###.#.# ##.....## ...#
#.#.##.###.......#
.#.#########...#.##.........#
................b.'.........+
.#.#####.......#h##.........#
.#.# #.####.##@###.......##
.#.# #.# #.##.# ##.....##
...# #.####.##.# ##...## .###
#.#.....†.# #+## .#
#.#.##.##### #.# ### .# #.#.
#.....# #.# ... .#
#.#.##.###.#####.##.# )#
#......# #..........# .#
###....###.###......#


You could see Natasha (very poisoned) and a bat.

Vanquished Creatures
  A hound (D:6)
  Natasha (D:2)
  2 adders (D:2)
  2 dart slugs (D:2)
  2 bats
  4 endoplasms
  2 giant cockroaches (D:1)
  7 goblins
  A hobgoblin (D:1)
  7 jackals (D:1)
  4 kobolds
  A quokka (D:1)
  4 ball pythons
  A frilled lizard (D:1)
  3 rats (D:1)
42 creatures vanquished.

Vanquished Creatures (others)
  A bombardier beetle (D:5)
1 creature vanquished.

Grand Total: 43 creatures vanquished

Notes
Turn   | Place    | Note
-------+----------+-------------------------------------------
     0 | D:5      | ragingrage the Deep Elf Delver began the quest for the Orb.
     0 | D:5      | Reached XP level 1. HP: 13/13 MP: 3/3
    93 | D:5      | Noticed a bombardier beetle
   147 | D:5      | Killed a bombardier beetle
   170 | D:6      | Noticed a hound
   177 | D:6      | Killed a hound
   178 | D:6      | Reached XP level 2. HP: 18/18 MP: 4/4
   178 | D:6      | Reached XP level 3. HP: 22/22 MP: 5/5
   215 | D:7      | Noticed an ogre
   298 | D:6      | Noticed a scorpion
   313 | D:6      | Noticed an ice beast
   428 | D:4      | Noticed Duvessa
   428 | D:4      | Noticed Dowan
   478 | D:5      | Noticed an ogre
   581 | D:4      | Found a large runed translucent door.
   581 | D:4      | Found a large runed translucent door.
   588 | D:4      | Noticed cforsyth's ghost (amateur DjHs)
   772 | D:2      | HP: 1/22 [poisoned by an adder]
   975 | D:1      | Learned a level 1 spell: Magic Dart
  1259 | D:1      | Reached XP level 4. HP: 25/27 MP: 6/6
  1286 | D:1      | Learned a level 2 spell: Blink
  1452 | D:1      | Found Tesedu's Assorted Antiques.
  1468 | D:1      | Reached skill level 1 in Conjurations
  1514 | D:1      | Bought an emerald potion for 17 gold pieces
  1514 | D:1      | Bought a scroll labelled OHANGI JEMA for 19 gold pieces
  1684 | D:2      | Noticed Natasha
  1688 | D:2      | Killed Natasha
  1689 | D:2      | Reached skill level 1 in Translocations
  1757 | D:2      | Noticed Natasha
  1824 | D:1      | Bought a scroll labelled LUMUX BYECILEL for 19 gold pieces
  1945 | D:2      | Slain by Natasha

Illustrated notes

Levels and vault maps discovered:
D:1:      minmay_arrival_glassed_features, layout_basic, serial_shops,
          shop_fountains
D:2:      layout_loops_corners, uniq_natasha, uniq_crazy_yiuf_cottage
D:3:      layout_rooms
D:4:      layout_basic, jmf_multi_god_temple2, ebering_ghost_disaster_area,
          serial_demonic, serial_demonic_e, serial_demonic_e, serial_demonic_d,
          serial_demonic_g, serial_demonic_c, serial_demonic_g,
          minmay_misc_feat_room, hangedman_abyss_or_decor_passed, uniq_menkaure,
          uniq_duvessa
D:5:      layout_loops_ring, lemuel_temple_firewalk_b, minmay_misc_feat_tower,
          minmay_strange_pillars, st_stairs_7
D:6:      layout_loops_ring, mainiacjoe_overflow_alcove_4, serial_park_tiny_1
D:7:      layout_rooms

Skill      XL: |  1  2  3  4 |
---------------+-------------+-----
Dodging        | 3 |  3.0
Short Blades   | 3 |  3.6
Conjurations   | 1 |  1.6
Translocations | 1 |  1.2
Fighting       | |  2.7
Stealth        | |  6.3

Action                     |  1- 3 |  4- 6 || total
---------------------------+-------+-------++-------
  Melee: Short sword       |    81 |    59 ||   140
         Punch             |     1 |     5 ||     6
  Throw: Dart              |       |    10 ||    10
    Use: Potion            |     3 |       ||     3
         Scroll            |     2 |     4 ||     6
   Stab: Sleeping          |     8 |     4 ||    12
 Armour: Leather armour    |    44 |    29 ||    73
         Robe              |     5 |       ||     5
  Dodge: Dodged            |    53 |    62 ||   115
  Block: Other             |       |     1 ||     1

Table legend: (Time is in decaauts)
 A = Elapsed time spent in this place.
 B = Non-inter-level travel time spent in this place.
 C = Inter-level travel time spent in this place.
 D = Time resting spent in this place.
 E = Time spent auto-exploring this place.
 F = Levels seen in this place.
 G = Mean time per level.
                   A        B        C        D        E       F      G
               +--------+--------+--------+--------+--------+-----+--------+
         Total |   1905 |   1728 |    177 |     91 |    914 |   7 |  272.1 |
       Dungeon |   1905 |   1728 |    177 |     91 |    914 |   7 |  272.1 |
               +--------+--------+--------+--------+--------+-----+--------+

Top non-repeatable levels by time:
     D:1: 765 daAuts
     D:2: 476 daAuts
     D:5: 324 daAuts
     D:6: 128 daAuts
     D:4: 108 daAuts
     D:3: 63 daAuts
     D:7: 37 daAuts
